 Dungeon Crawl Stone Soup version 0.28.0-49-g6dfe1f597d (webtiles) character file.

Game seed: 829549918726853881

4714 issech the Vandal (level 10, -1/87 (90) HPs)
             Began as a Troll Monk on May 13, 2022.
             Was an Elder of Hepliaklqana.
             Slain by a wyvern (13 damage)
             ... on level 7 of the Dungeon.
             The game lasted 00:23:24 (7670 turns).

issech the Vandal (Troll Monk)                      Turns: 7670, Time: 00:23:24

HP:   -1/87 (90)    AC:  4    Str: 21    XL:     10   Next: 22%
MP:   9/9           EV: 11    Int: 12    God:    Hepliaklqana [****..]
Gold: 317           SH:  0    Dex: 16    Spells: 9/9 levels left

rFire   . . .      SeeInvis .   p - +1 flail
rCold   . . .      Faith    .   (no shield)
rNeg    . . .      Spirit   .   b - +0 robe
rPois   .          Reflect  .   (helmet restricted)
rElec   .          Harm     .   (no cloak)
rCorr   +          Rampage  .   (gloves unavailable)
Will    .....                   (boots unavailable)
Stlth   ++........              (no amulet)
HPRegen 1.04/turn               c - ring of resist corrosion
MPRegen 0.11/turn               n - +6 ring of intelligence

@: lightly drained
A: reduced essence, large, unfitting armour, claws 3, regeneration 1, shaggy fur
1, tough skin 1
a: Renounce Religion, Recall Ancestor, Ancestor Identity, Transference, Idealise


You were on level 7 of the Dungeon.
You worshipped Hepliaklqana.
Hepliaklqana was greatly pleased with you.
You visited 2 branches of the dungeon, and saw 10 of its levels.

You collected 317 gold pieces.

Inventory:

Hand Weapons
 a - a +0 mace
 p - a +1 flail (weapon)
 r - the +5 hunting sling "Turrirph" {flame, +Blink Int-5 SInv Stlth+}
   (You found it on level 3 of the Dungeon)

   Any ammunition fired from it burns those it strikes, dealing additional fire
   damage.
   Int:       It affects your intelligence (-5).
   SInv:      It lets you see invisible.
   +Blink:    It lets you blink.
   Stlth:     It makes you more stealthy.
 B - a +2 dagger of electrocution
 G - a +0 war axe
 I - a +0 whip of draining
 N - a +0 morningstar
 O - a +4 long sword
 P - a +3 spear of freezing
Missiles
 f - 162 stones (quivered)
 g - 53 bolts
 o - 11 sling bullets
 s - 6 curare-tipped darts
 t - 120 arrows
Armour
 b - a +0 robe (worn)
Magical Staves
 u - a staff of conjuration
 v - a staff of earth
Jewellery
 c - a ring of resist corrosion (left claw)
 n - a +6 ring of intelligence (right claw)
 A - a ring of protection from cold
 J - a ring of protection from cold
 M - a +6 ring of strength
Wands
 w - a wand of acid (34)
 L - a wand of charming (13)
Scrolls
 d - 4 scrolls of enchant weapon
 i - 3 scrolls of immolation {unknown}
 k - 3 scrolls of fog {unknown}
 m - a scroll of silence {unknown}
 x - 4 scrolls of identify {unknown}
 y - 2 scrolls of vulnerability {unknown}
 C - a scroll of noise {unknown}
 D - a scroll of fear {unknown}
 F - a scroll of teleportation {unknown}
 H - a scroll of brand weapon {unknown}
 K - a scroll of enchant armour {unknown}
Potions
 e - 3 potions of heal wounds {unknown}
 h - a potion of magic {unknown}
 j - 4 potions of curing {unknown}
 l - a potion of berserk rage {unknown}
 q - a potion of degeneration {unknown}
 z - 2 potions of ambrosia {unknown}
 E - a potion of mutation {unknown}


   Skills:
 + Level 6.3 Fighting
 + Level 5.4 Maces & Flails
 + Level 7.8 Slings
 + Level 1.0(6.4) Throwing
 + Level 4.0 Dodging
 + Level 2.1 Stealth


You had 9 spell levels left.
You didn't know any spells.
Your spell library contained the following spells:

 Spells                   Type           Power      Damage    Failure   Level
 Slow                     Hex            0%         N/A       32%         1
 Ensorcelled Hibernation  Hex/Ice        0%         N/A       45%         2
 Confusing Touch          Hex            0%         N/A       69%         3
 Gell's Gravitas          Tloc           0%         N/A       69%         3
 Lesser Beckoning         Tloc           0%         N/A       69%         3
 Spider Form              Tmut/Pois      0%         N/A       69%         3
 Teleport Other           Tloc           0%         N/A       69%         3
 Vampiric Draining        Necr           0%         2d6       69%         3
 Anguish                  Hex/Necr       0%         N/A       97%         4
 Cause Fear               Hex            0%         N/A       97%         4
 Dragon Form              Tmut           0%         N/A       100%        7
 Chain Lightning          Conj/Air       0%         N/A       100%        9
 Dragon's Call            Summ           0%         N/A       100%        9
 Fire Storm               Conj/Fire      0%         5d1       100%        9
 Shatter                  Erth           0%         3d5*      100%        9


Dungeon Overview and Level Annotations

Branches:
Dungeon (9/15)             Temple (1/1) D:4
   Lair: D:8-11         Orc: D:9-12

Altars:
Ashenzari
Cheibriados
Dithmenos
Elyvilon
Fedhas
Gozag
Hepliaklqana
Kikubaaqudgha
Makhleb
Nemelex Xobeh
Okawaru
Qazlal
Ru
Trog
Vehumet
Wu Jian
Xom
Yredelemnul
Zin

Shops:
D:3 [   D:4 :

Annotations:
D:4 3 runed translucent doors, GigaChad's ghost, amateur MiFi; pkoi's ghost, amateur DgCj
D:9 Gastronok


Innate Abilities, Weirdness & Mutations

Your life essence is reduced to manifest your ancestor. (-10% HP)
You are too large for most types of armour.
You have claws for hands.
Your natural rate of healing is unusually fast.
You are covered in fur. (AC +1)
You have tough skin. (AC +1)


Message History

A nearby plant withers and dies.
The yak gores Ahhotep!
Ahhotep points at the yak and mumbles some strange words.
The stone arrow hits the yak!
The yak dies!
Something gores the plant!
The plant begins to die.
The hornet zombie hits you but does no damage.
Your Dodging skill increases to level 4!
You climb downwards.
Gastronok gurgles horribly!
The killer bee buzzes angrily. x4
There is a stone staircase leading up here.
The killer bee stings you.
You climb upwards.
The yak closely misses Ahhotep.
The hornet zombie closely misses you.
Ahhotep hits the hornet zombie with a +0 quarterstaff!
The hornet zombie hits you!
The wyvern bites Ahhotep.
There is a stone staircase leading down here.
The wyvern bites Ahhotep!
Ahhotep is destroyed!
You hit the yak but do no damage. The yak gores you!
You hit the yak.
The yak is lightly wounded.
The yak gores you!
The wyvern hisses menacingly.
The water moccasin barely misses you.
The yak snorts and paws the ground.
There is a stone staircase leading up here.
The wyvern bites you! The yak gores you!
You climb upwards.
There is a stone staircase leading down here.
The wyvern bites you! The yak completely misses you. The wyvern bites you!
* * * LOW HITPOINT WARNING * * *
The yak gores you!
* * * LOW HITPOINT WARNING * * *
The wyvern bites you.
* * * LOW HITPOINT WARNING * * *
There is an open door here.
You hit the wyvern.
The wyvern is moderately wounded.
The wyvern bites you!
You die...

#......#..#..........[...#
#......#..##..#########'##
#......#..##..#...........
#......#......#...........
#......#......#...........
#......#......#...........
#......#......#.......[...
#......#......#...........
######......##@##..#...........
#............#l###'#......#####
#............#Y....#......#...#
#........)...#>....#......#...#
#............#.....#......#...#
#............#.....#......#...#
#............#...###......#...#
###'#####....#########....#)...
#......#....#....# #....#.)).


You could see a yak and a wyvern.

Vanquished Creatures
  A two-headed ogre (D:7)
  4 yaks (D:6)
  2 water moccasins
  An ice beast (D:5)
  A centaur (D:7)
  2 phantoms
  A gnoll sergeant (D:7)
  2 scorpions
  2 wights (D:8)
  A gnoll shaman (D:8)
  4 hounds
  A jelly (D:6)
  3 orc priests
  2 bullfrog skeletons (D:5)
  2 iguanas
  2 orc wizards
  A hound skeleton (D:4)
  3 gnolls (D:7)
  8 adders
  2 shadow imps
  3 white imps
  2 ufetubi
  An adder skeleton (D:4)
  2 worms (D:2)
  2 dart slugs
  19 orcs
  5 endoplasms
  5 giant cockroaches
  7 goblins
  5 hobgoblins
  7 jackals
  9 kobolds
  5 quokkas
  6 ball pythons
  7 bats
  2 frilled lizards (D:2)
  10 rats
142 creatures vanquished.

Vanquished Creatures (collateral kills)
  An ugly thing (D:7)
  A shadow (D:7)
  3 yaks
  A wyvern (D:8)
  A water moccasin (D:6)
  An orc warrior (D:6)
  A sky beast (D:5)
  A hornet zombie (D:5)
  A kobold brigand (D:7)
  2 scorpions
  A water moccasin skeleton (D:7)
  3 wights (D:8)
  A howler monkey (D:6)
  An orc priest (D:8)
  A bullfrog skeleton (D:5)
  An orc wizard (D:4)
  A hound skeleton (D:4)
  4 gnolls
  2 orcs
  A giant cockroach (D:4)
29 creatures vanquished.

Vanquished Creatures (others)
  2 battlemagi (D:8)
  4 fungi
  13 plants
19 creatures vanquished.

Grand Total: 190 creatures vanquished

Notes
Turn   | Place    | Note
-------+----------+-------------------------------------------
     0 | D:1      | issech the Troll Monk began the quest for the Orb.
     0 | D:1      | Reached XP level 1. HP: 22/22 MP: 0/0
   108 | D:1      | Reached XP level 2. HP: 29/29 MP: 1/1
   683 | D:1      | Reached XP level 3. HP: 36/36 MP: 2/2
   952 | D:2      | Found a faded altar of an unknown god.
  1719 | D:2      | Reached XP level 4. HP: 29/44 MP: 3/3
  2012 | D:3      | Identified the +5 hunting sling "Turrirph" {flame, +Blink
                  | Int-5 SInv Stlth+}
  2025 | D:3      | Found Gihuxum's Antique Armour Emporium.
  2067 | D:3      | Found a sacrificial altar of Ru.
  2464 | D:3      | Reached XP level 5. HP: 52/52 MP: 4/4
  2662 | D:4      | Noticed a water moccasin
  2678 | D:4      | Killed a water moccasin
  2679 | D:4      | Reached skill level 1 in Slings
  2683 | D:4      | HP: 2/53 [poisoned by a water moccasin]
  2688 | D:4      | HP: 1/53 [poisoned by a water moccasin]
  2743 | D:4      | Found a staircase to the Ecumenical Temple.
  2763 | Temple   | Entered the Ecumenical Temple
  2774 | Temple   | Reached XP level 6. HP: 31/61 MP: 5/5
  2953 | Temple   | Became a worshipper of Hepliaklqana the Forgotten
  2953 | Temple   | Reached * piety under Hepliaklqana
  2953 | Temple   | Reached ** piety under Hepliaklqana
  2954 | Temple   | Remembered your ancestor Ahhotep as a battlemage
  3176 | D:4      | Reached skill level 2 in Slings
  3225 | D:4      | Found Giogistrirr's Book Shoppe.
  3237 | D:4      | Found a shadowy altar of Dithmenos.
  3375 | D:4      | Found a runed translucent gate.
  3376 | D:4      | Found a runed translucent gate.
  3377 | D:4      | Found a runed translucent gate.
  3483 | D:4      | Found a broken altar of Ashenzari.
  3533 | D:4      | Reached XP level 7. HP: 60/60 MP: 6/6
  3832 | D:4      | Noticed GigaChad's ghost (amateur MiFi)
  3832 | D:4      | Noticed pkoi's ghost (amateur DgCj)
  3990 | D:5      | Entered Level 5 of the Dungeon
  4251 | D:5      | Reached skill level 3 in Slings
  4429 | D:5      | Reached *** piety under Hepliaklqana
  4661 | D:5      | Reached skill level 4 in Slings
  4661 | D:5      | Reached XP level 8. HP: 66/70 MP: 7/7
  5006 | D:6      | Reached skill level 5 in Slings
  5051 | D:6      | Reached skill level 6 in Slings
  5051 | D:6      | Reached XP level 9. HP: 23/78 MP: 8/8
  5546 | D:6      | Reached skill level 5 in Fighting
  5546 | D:6      | Found a stormy altar of Qazlal.
  6387 | D:7      | Reached **** piety under Hepliaklqana
  6463 | D:7      | Noticed a brown ugly thing
  6474 | D:7      | Killed a brown ugly thing
  6475 | D:7      | Reached skill level 5 in Maces & Flails
  6475 | D:7      | Reached skill level 7 in Slings
  6655 | D:7      | Noticed a two-headed ogre
  6659 | D:7      | Killed a two-headed ogre
  6660 | D:7      | Reached XP level 10. HP: 88/88 MP: 9/9
  7623 | D:8      | Reached skill level 1 in Throwing
  7627 | D:9      | Noticed Gastronok
  7670 | D:7      | Slain by a wyvern

Illustrated notes

Levels and vault maps discovered:
D:1:      ncdulo_lavacross, layout_basic, minmay_tetromino_o4
D:2:      layout_basic, shapermc_ecumenical_altar_ellora
D:3:      layout_loops_ring, amcnicky_altar_gilded, serial_shops,
          nicolae_shop_overgrown_old_shop
D:4:      layout_basic, grunt_dithmenos_smoke_and_mirrors,
          evilmike_ruin_ashenzari, minmay_temple_entry_sparse_star,
          serial_shops, shop, gammafunk_ghost_cemetery
D:5:      layout_gridville
D:6:      layout_loops_cross, nicolae_qazlal_scattered_showers,
          roderic_serpentine_path
D:7:      layout_gridville
D:8:      layout_loops_cross, mainiacjoe_overflow_boulevard,
          minmay_lair_entry_grove
D:9:      layout_grid_maze, uniq_gastronok, uniq_erolcha
Temple:   regret_index_temple_generic_petals

Skill      XL: |  1  2  3  4  5  6  7  8  9 10 |
---------------+-------------------------------+-----
Maces & Flails | 3 4 5 |  5.4
Dodging        | 3 4 |  4.0
Fighting       | 3 4 6 |  6.3
Slings         | 1 2 4 6 7 |  7.8
Stealth        | 2 |  2.1
Throwing       | 1 |  1.0

Action                   |  1- 3 |  4- 6 |  7- 9 | 10-12 || total
-------------------------+-------+-------+-------+-------++-------
Melee: Mace              |   163 |     5 |       |       ||   168
       Punch             |     3 |     2 |       |       ||     5
       Flail             |       |    57 |    10 |    37 ||   104
 Fire: Hunting sling     |       |    69 |   153 |    22 ||   244
Throw: Stone             |       |       |     7 |       ||     7
Invok: Ancestor Life: Ba |       |     1 |       |       ||     1
  Use: Scroll            |       |       |     1 |       ||     1
 Stab: Sleeping          |     2 |     1 |       |       ||     3
       Distracted        |       |       |       |     1 ||     1
Armor: Robe              |    67 |    26 |     5 |     4 ||   102
Dodge: Dodged            |   110 |    51 |    18 |    33 ||   212
